 Dungeon Crawl Stone Soup version 0.31.0-9-g3a7656b989 (webtiles) character file.

Game seed: 497031870567924004

4 LeprechaunX the Ducker (level 1, -2/13 HPs)
             Began as a Merfolk Air Elementalist on Jan 24, 2024.
             Slain by a quokka (5 damage)
             ... on level 1 of the Dungeon.
             The game lasted 00:01:26 (223 turns).

LeprechaunX the Ducker (Merfolk Air Elementalist)    Turns: 223, Time: 00:01:26

Health: -2/13      AC:  2    Str:  8    XL:     1   Next: 60%
Magic:  2/3        EV: 12    Int: 14    God:
Gold:   15         SH:  0    Dex: 14    Spells: 3/4 levels left

rFire   . . .        g - +0 quarterstaff
rCold   . . .        (shield currently unavailable)
rNeg    . . .        a - +0 robe
rPois   .            (no helmet)
rElec   .            (no cloak)
rCorr   .            (no gloves)
SInv    .            (no boots)
Will    .....        (no amulet)
Stlth   ++           (no ring)
HPRegen 0.22/turn    (no ring)
MPRegen 0.08/turn

%: no passive effects
@: very slightly contaminated
A: (nimble swimmer 2), mertail
a: no special abilities


You were on level 1 of the Dungeon.
You visited 1 branch of the dungeon, and saw 1 of its levels.

You collected 15 gold pieces.

Inventory:

Hand Weapons
 g - a +0 quarterstaff (weapon)
Armour
 a - a +0 robe (worn)
Scrolls
 d - a scroll of identify {unknown}
 e - a scroll of enchant armour {unknown}
Potions
 b - a potion of magic
 c - a potion of lignification {unknown}
 f - a potion of curing {unknown}


   Skills:
 + Level 2.8 Dodging
 + Level 2.3 Stealth
 + Level 2.0 Spellcasting
 + Level 0.9 Conjurations
 + Level 2.4 Air Magic


You had 3 spell levels left.
You knew the following spells:

 Your Spells              Type           Power      Damage    Failure   Level
a - Shock                 Conj/Air       24%        1d4       12%         1

Your spell library contained the following spells:

 Spells                   Type           Power      Damage    Failure   Level
 Static Discharge         Conj/Air       12%        3-4/arc   19%         2
 Swiftness                Air            8%         N/A       26%         3
 Airstrike                Air            4%         2d(1-17)  65%         4


Dungeon Overview and Level Annotations

Branches:
Dungeon (1/15)

Altars:


Innate Abilities, Weirdness & Mutations

((You are very nimble when in or above water. (Stealth+, EV+, Speed+++)))
Your lower body shifts to a powerful aquatic tail in water.


Message History

Confirm with . or Enter, or press ? or * to list all spells.
Aiming: Shock (safe; 12% risk of failure)
Press: ? - help, Shift-Dir - straight line, f - ball python
Aim: a ball python (severely wounded, constricting you, 60% to hit)
The zap hits the ball python.
You kill the ball python!
e - a scroll labelled XUHOON LAEXT
Found a quarterstaff.
Found an escape hatch in the floor.
f - a white potion You see here a +0 quarterstaff.
g - a +0 quarterstaff
g - a +0 quarterstaff (weapon)
A kobold comes into view. It is wielding a +0 dagger.
A kobold is nearby!
A kobold is nearby!
A kobold is nearby!
A quokka comes into view.
The kobold shouts!
The kobold throws a stone.
The stone hits you.
The kobold throws a stone.
The stone misses you.
The kobold throws a stone.
The stone closely misses you. The quokka misses you.
You closely miss the quokka. The quokka closely misses you.
The quokka bites you. The quokka attacks as it pursues you!
The quokka closely misses you. The quokka attacks as it pursues you!
The quokka bites you. The quokka attacks as it pursues you!
The quokka closely misses you.
You barely miss the quokka. The quokka bites you. The quokka misses you.
Casting: Shock (safe; 12% risk of failure)
Confirm with . or Enter, or press ? or * to list all spells.
Aiming: Shock (safe; 12% risk of failure)
Press: ? - help, Shift-Dir - straight line, f - quokka
Aim: a quokka (51% to hit)
You miscast Shock.
You are very lightly contaminated with residual magic.
Nothing appears to happen.
The quokka bites you.
* * * LOW HITPOINT WARNING * * *
The quokka bites you.
You die...

~...~~~≈≈#...#.........
..<..~~~≈#.######.####
~...~~~≈≈#.....##.########
~~~~~~≈≈≈#................
~≈≈~≈≈≈≈≈#..#..#..........
≈≈≈≈≈≈≈≈≈#..#....†........
≈≈≈≈≈≈≈≈≈#...>............
##########..#.##..........
##########..#...@#########
.........#######r#
.........#######K#######
.......................#
....................##.#
.....................#
.........##########....#
.........# #.###
...>.....# .#


You could see a quokka and a kobold.

Vanquished Creatures
  A hobgoblin (D:1)
  2 ball pythons (D:1)
  A rat (D:1)
4 creatures vanquished.

Notes
Turn   | Place    | Note
-------+----------+-------------------------------------------
     0 | D:1      | LeprechaunX the Merfolk Air Elementalist began the quest
                  | for the Orb.
     0 | D:1      | Reached XP level 1. HP: 13/13 MP: 3/3
   223 | D:1      | Slain by a quokka

Illustrated notes

Levels and vault maps discovered:
D:1:      zaba_arrival_water, layout_basic

Action                     || total
---------------------------++-------
  Melee: Unarmed           ||    21
         Quarterstaff      ||     2
   Cast: Shock             ||     4
   Stab: Sleeping          ||     1
 Armour: Robe              ||    16
  Dodge: Dodged            ||    22
